 Dungeon Crawl Stone Soup version 0.15-a0-145-ge9bf03d (webtiles) character file.

2768 sohrabkorkchi the Cleaver (level 9, -2/79 HPs)
             Began as a Lava Orc Fighter on Apr 14, 2014.
             Was a Priest of Okawaru.
             Slain by a grizzly bear zombie (3 damage)
             ... animated by a shadow imp
             ... on Level 7 of the Dungeon.
             The game lasted 00:13:16 (6129 turns).

sohrabkorkchi the Cleaver (Lava Orc Fighter)        Turns: 6129, Time: 00:13:17

HP  -2/79        AC 18     Str 27      XL: 9   Next: 27%
MP   8/9         EV  8     Int  8      God: Okawaru [***...]
Gold 276         SH 26     Dex  8 (10) Spells:  0 memorised,  8 levels left

rFire  + + +     SeeInvis .     a - +1,+0 war axe
rCold  x . .     Clarity  .     y - +3 chain mail
rNeg   . . .     Conserve .     t - +0 shield
rPois  .         rCorr    .     B - +0 helmet
rElec  .         rRot     .     (no cloak)
SustAb . .       Spirit   .     q - +0 pair of gloves
rMut   .         Warding  .     (no boots)
Saprov + . .     Stasis   .     (no amulet)
MR     .....                    (no ring)
                                z - ring of protection from fire

@: mighty, heroism, not resistant to hostile enchantments, extremely unstealthy
A: conserve scrolls, saprovore 1
a: Heroism, Renounce Religion


You were on level 7 of the Dungeon.
You worshipped Okawaru.
Okawaru was most pleased with you.
You were not hungry.

You visited 1 branch of the dungeon, and saw 7 of its levels.

You collected 276 gold pieces.

Inventory:

Hand weapons
 a - a +1,+0 war axe (weapon)
 r - a +0,+0 club
Armour
 q - a +0 pair of gloves (worn)
 t - a +0 shield (worn)
 y - a +3 chain mail (worn)
 B - a +0 helmet (worn)
Magical devices
 x - a wand of flame (17) {unknown}
Comestibles
 d - 7 meat rations
 f - 7 bread rations
 A - a royal jelly
Scrolls
 c - 5 scrolls of identify
 g - a scroll of recharging
 h - 3 scrolls of remove curse
 i - a scroll of teleportation
 l - a scroll of enchant armour
 o - a scroll of enchant weapon II
Jewellery
 z - a ring of protection from fire (left hand)
Potions
 b - a potion of invisibility
 e - 3 potions of might
 j - 2 potions of restore abilities
 k - 2 potions of resistance
 m - a potion of brilliance
 n - 6 potions of curing
 p - a potion of lignification
 w - 2 potions of porridge


   Skills:
 + Level 7.1(12.1) Fighting
 + Level 8.1(13.1) Axes
 * Level 7.7(12.7) Armour
 - Level 2.6(7.6) Dodging
 - Level 0.1(5.1) Stealth
 + Level 7.3(12.3) Shields
 + Level 0.6 Invocations


You had 8 spell levels left.
You didn't know any spells.

Dungeon Overview and Level Annotations

Branches:
Dungeon (7/15)             Temple (0/1) D:4

Altars:
Kikubaaqudgha
Makhleb
Okawaru
Vehumet
Yredelemnul


Innate Abilities, Weirdness & Mutations

You have stony skin.
Your flesh is almost immune to the effects of heat.
Your fire spells are more powerful.
Your flesh is vulnerable to cold.
Your heat harms attackers.
You bathe your surroundings in blazing heat.
You are too hot to use scrolls.
You are very good at protecting items from fire.
You can tolerate rotten meat.


Message History

The grizzly bear is moderately wounded.
You block the jackal's attack.
The quasit is burned by your radiant heat.
The quasit is lightly wounded.
The quasit bites you but does no damage.
The quasit appears unharmed.
The quasit claws you but does no damage.
The quasit resists.
The quasit is singed by your heat.
The quasit is lightly wounded.
You block the quasit's attack.
The grizzly bear is burned by your radiant heat.
The grizzly bear is moderately wounded.
The grizzly bear barely misses you. You block the grizzly bear's attack.
The grizzly bear claws you but does no damage.
The grizzly bear appears unharmed.
The grizzly bear zombie is burned by your radiant heat.
The grizzly bear zombie bites you but does no damage.
The grizzly bear zombie is singed by your heat.
The grizzly bear zombie claws you.
You die...

#####...# ../..#...#
#.....#...#. .
#.....'...#.# #..#
#.....hY..#.# #..#
#...zUhZ5.#.# #(.#
#...UUUHH.#.# #..#
#...hH#Uh.#.# #..#
#....H#@Zo#.#####..#
#######5Z.#........#
...................#####
####...................
#......>......<.....
#...................
#.....#'#######+#...
#.....#......... ..
#.....#........ .


You could see 3 griffons, 2 grizzly bears, a hippogriff, 3 black bears, a hound,
a sheep, a quasit, a shadow imp, an orc, a hound zombie, 2 grizzly bear zombies,
a polar bear zombie and 3 jackals.

Vanquished Creatures
  2 polar bears (D:7)
  Prince Ribbit (D:5)
  3 grizzly bears (D:7)
  A wolf (D:7)
  A phantom (D:4)
  An ogre (D:4)
  A gnoll sergeant (D:6)
  A giant frog (D:7)
  2 crimson imps (D:5)
  2 hounds (D:7)
  2 iguanas
  3 orc priests
  A jelly (D:5)
  An orc wizard (D:6)
  8 worker ants
  Ijyb (D:3)
  Jessica (D:3)
  A hound zombie (D:7)
  A mummy (D:3)
  5 gnolls
  A scorpion zombie (D:5)
  8 adders
  An orc skeleton (D:5)
  2 giant mites
  A shadow imp (D:6)
  6 worms
  An adder skeleton (D:5)
  A giant eyeball (D:5)
  3 giant geckos
  18 orcs
  2 bat skeletons
  6 giant cockroaches
  26 goblins
  15 hobgoblins
  16 jackals
  18 kobolds
  A ball python (D:1)
  12 bats
  8 giant newts
  A goblin skeleton (D:4)
  2 hobgoblin zombies (D:6)
  A quokka skeleton (D:4)
  9 rats
  A ballistomycete (D:6)
199 creatures vanquished.

Vanquished Creatures (others)
  A giant spore (D:6)
1 creature vanquished.

Grand Total: 200 creatures vanquished

Notes
Turn   | Place    | Note
--------------------------------------------------------------
     0 | D:1      | sohrabkorkchi, the Lava Orc Fighter, began the quest for the Orb.
     0 | D:1      | Reached XP level 1. HP: 19/19 MP: 1/1
   203 | D:1      | Reached XP level 2. HP: 27/27 MP: 2/2
   316 | D:1      | Reached skill level 4 in Fighting
   666 | D:2      | Reached XP level 3. HP: 24/33 MP: 3/3
   913 | D:2      | Reached XP level 4. HP: 25/40 MP: 4/4
  1055 | D:2      | Reached skill level 1 in Dodging
  1265 | D:2      | Found a radiant altar of Vehumet.
  1265 | D:2      | Found a basalt altar of Yredelemnul.
  1317 | D:3      | Noticed Ijyb
  1334 | D:3      | Killed Ijyb
  1481 | D:3      | Noticed Jessica
  1491 | D:3      | Killed Jessica
  1491 | D:3      | Reached XP level 5. HP: 44/47 MP: 5/5
  1717 | D:3      | Found an iron altar of Okawaru.
  2206 | D:3      | Became a worshipper of Warmaster Okawaru
  2533 | D:4      | Noticed a phantom
  2561 | D:4      | Killed a phantom
  2561 | D:4      | Reached XP level 6. HP: 31/53 MP: 6/6
  2757 | D:4      | Found an ancient bone altar of Kikubaaqudgha.
  3080 | D:4      | Noticed an ogre
  3090 | D:4      | Killed an ogre
  3090 | D:4      | Reached skill level 5 in Fighting
  3090 | D:4      | Reached skill level 5 in Armour
  3327 | D:4      | Found a burning altar of Makhleb.
  3336 | D:4      | Got a steaming whip
  3531 | D:3      | Identified the +6,+4 whip "Ziolain" {pain, Int+3} (You found it on level 4 of the Dungeon)
  3543 | D:4      | Reached XP level 7. HP: 31/61 MP: 7/7
  3790 | D:4      | Found a staircase to the Ecumenical Temple.
  3997 | D:5      | Entered Level 5 of the Dungeon
  4042 | D:5      | Reached skill level 5 in Shields
  4094 | D:5      | Acquired Okawaru's first power
  4266 | D:5      | Paralysed by a giant eyeball for 2 turns
  4271 | D:5      | Paralysed by a giant eyeball for 2 turns
  4516 | D:5      | Noticed Prince Ribbit
  4625 | D:5      | Killed Prince Ribbit
  4625 | D:5      | Reached skill level 5 in Axes
  5149 | D:6      | Reached XP level 8. HP: 68/70 MP: 8/8
  5154 | D:6      | Reached skill level 6 in Armour
  5386 | D:6      | Found an iron altar of Okawaru.
  6008 | D:7      | Noticed a griffon
  6009 | D:7      | Noticed a griffon
  6021 | D:7      | Noticed a griffon
  6029 | D:7      | Noticed a polar bear
  6103 | D:7      | Noticed a polar bear
  6114 | D:7      | Killed a polar bear
  6114 | D:7      | Reached skill level 7 in Axes
  6120 | D:7      | Reached XP level 9. HP: 35/78 MP: 7/9
  6128 | D:7      | Killed a polar bear
  6128 | D:7      | Reached skill level 8 in Axes
  6128 | D:7      | HP: 1/79 [grizzly bear (5)]
  6129 | D:7      | Slain by a grizzly bear zombie

Action                   |  1- 3 |  4- 6 |  7- 9 || total
-------------------------+-------+-------+-------++-------
Melee: War axe           |   111 |   217 |   329 ||   657
Invok: Heroism           |       |       |     1 ||     1
  Use: Scroll            |     1 |     5 |     4 ||    10
       Potion            |       |     6 |     2 ||     8
